Map: Frostline LE

Players

LeoRusher - Winner!

  • Race: Protoss Protoss
  • Spawn Location: 1:00

A.I. 2 (Very Easy)

  • Race: Protoss Protoss
  • Spawn Location: 7:00

VOD

Have the link to the VOD?

Description

Time

  • Played on: Jan. 12, 2025, 9:18 a.m.
  • Length: 7:38
Show
View Real Time Build Order
Export as new Build Order

LeoRusher Protoss - Winner!

Build Orders: Phoenix Opening, Blink Stalkers 

Get SALT Encoding   

  12  0:00  Probe  
  13  0:13  Probe  
  14  0:17  Pylon  
  14  0:24  Probe  
  15  0:32  Probe  
  15  0:39  Gateway  
  15  0:40  Probe  
  16  0:46  Assimilator  
  17  0:51  Probe  
  17  0:55  Assimilator  
  18  1:00  Probe  
  19  1:09  Gateway, Probe  
  19  1:18  Probe  
  21  1:26  Cybernetics Core  
  21  1:31  Probe  
  22  1:37  Pylon  
  22  1:44  Probe  
  23  1:56  Probe  
  23  2:00  Stalker  
  24  2:02  Sentry  
  24  2:03  Warp Gate  
  24  2:06  Phoenix  
  24  2:08  Probe  
  29  2:14  Pylon  
  29  2:26  Stalker  
  31  2:31  Stalker  
  33  2:50  Nexus  
  33  3:00  Twilight Council  
  33  3:04  Probe  
  34  3:06  Sentry  
  36  3:15  Pylon, Blink  
  36  3:17  Sentry  
  36  3:18  Probe  
  39  3:33  Probe  
  40  3:46  Probe  
  41  3:58  Probe  
  43  4:02  Probe  
  43  4:10  Probe  
  43  4:13  Stalker x2  
  43  4:15  Probe  
  49  4:22  Probe  
  49  4:23  Nexus  
  50  4:27  Probe  
  50  4:28  Pylon  
  51  4:34  Probe  
  52  4:39  Probe  
  52  4:41  Robotics Facility  
  53  4:46  Forge, Probe  
  53  4:51  Protoss Ground Weapons Level 1, Probe  
  55  4:58  Probe  
  56  5:03  Gateway, Probe  
  56  5:06  Gateway  
  57  5:10  Probe  
  57  5:12  Charge  
  58  5:15  Probe  
  58  5:18  Pylon  
  59  5:22  Probe  
  59  5:27  Probe  
  59  5:28  Observer  
  62  5:30  Gateway  
  62  5:32  Gateway  
  62  5:35  Gateway  
  62  5:41  Probe x2  
  62  5:42  Gateway, Probe  
  65  5:53  Warp Prism, Probe  
  65  5:55  Stalker  
  70  5:59  Stalker  
  70  6:00  Probe  
  70  6:01  Probe  
  74  6:07  Probe  
  75  6:11  Pylon  
  75  6:12  Probe, Pylon  
  75  6:14  Stalker x2  
  75  6:17  Probe  
  81  6:22  Pylon  
  81  6:28  Stalker x2  
  81  6:29  Stalker  
  81  6:32  Stalker  
  89  6:43  Pylon  
  89  6:45  Pylon  
  89  6:47  Pylon  
  89  6:51  Zealot x6  
  89  6:52  Zealot  
  103  6:56  Zealot  
  105  7:15  Zealot  
  105  7:16  Zealot x7  
Show
View Real Time Build Order
Export as new Build Order

A.I. 2 (Very Easy) Protoss 

Build Orders:  

Get SALT Encoding   

  12  0:00  Probe  
  13  0:13  Probe  
  14  0:20  Pylon  
  14  0:36  Assimilator  
  14  0:42  Gateway  
  14  0:46  Pylon  
  14  1:13  Assimilator  
  14  1:19  Probe  
  15  1:27  Probe  
  16  1:33  Cybernetics Core  
  16  1:35  Probe  
  17  1:45  Probe  
  18  1:57  Probe  
  18  2:00  Warp Gate  
  19  2:05  Probe  
  19  2:09  Stalker  
  22  4:22  Probe  
  22  5:30  Zealot  
  22  5:31  Probe  
  22  5:33  Pylon  
  25  5:36  Robotics Facility  
  25  5:44  Probe  
  26  5:56  Probe  
  27  6:08  Probe  
  28  6:14  Pylon  
  28  6:16  Probe  
  28  6:25  Zealot, Observer  
  30  6:43  Observer  
  31  7:06  Zealot  
  31  7:07  Probe  
  31  7:09  Pylon  
  27  7:18  Pylon  
  27  7:20  Probe  
  20  7:26  Nexus  
Tags
 
Composition
Blink Stalkers
Matchup
PvP
Spawn Locations
Cross Positions
Add a new tag
Caveats
  • Supply blocks, unpowered buildings, or Contaminate may cause inaccurate times.
  • Supply counts are checked every 10 seconds.